General information
- name: BNet
- type: Ladder team game (AT/RT)
- host: Battle.net
- saver: Bashiok
map: DragonFalls
- players: 8
- length: 15:47
- speed: Fast
- version: 1.26 W3XP
- replay type: Public
» download(104 KB)
Players
team 1 (loser)

»
Anunnaki (
orange | 35 APM | 526 actions | 14:56)
3 Dark Ranger
2 Black Arrow
1 Silence
1 Death Knight
1 Death Coil
» actions
| Assign group hotkey | 1 | |
| Build / train | 36 | |
| Enter build submenu | 22 | |
| Enter hero's abilities submenu | 4 | |
| Right click | 271 | |
| Select / deselect | 162 | |
| Select group hotkey | 3 | |
| Use ability | 27 | |
526 total
» units
| Acolyte | 8 | |
| Ghoul | 4 | |
| Crypt Fiend | 9 | |
| Frost Wyrm | 2 | |
23 total
» upgrades
» buildings
| Graveyard | 1 | |
| Crypt | 1 | |
| Ziggurat | 8 | |
| Altar of Darkness | 1 | |
| Halls of the Dead | 1 | |
| Spirit Tower | 3 | |
| Tomb of Relics | 2 | |
| Black Citadel | 1 | |
| Sacrificial Pit | 1 | |
| Boneyard | 3 | |
22 total
» build order
00:12 Graveyard
00:15 Crypt
00:44 Ziggurat
01:02 Altar of Darkness
01:50 Ziggurat
03:26 Ziggurat
06:17 Halls of the Dead
06:23 Ziggurat
07:14 Spirit Tower
08:25 Tomb of Relics
08:34 Ziggurat
08:59 Black Citadel
09:39 Sacrificial Pit
09:42 Spirit Tower
10:36 Tomb of Relics
11:32 Ziggurat
11:34 Ziggurat
11:38 Ziggurat
11:47 Boneyard
11:50 Boneyard
11:53 Boneyard
12:44 Spirit Tower
» items
PoNyBoY89 (
yellow | 32 APM | 496 actions | 15:37)
2 Blood Mage
1 Flame Strike
1 Banish
» actions
| Assign group hotkey | 2 | |
| Basic commands | 6 | |
| Build / train | 34 | |
| Enter build submenu | 27 | |
| Enter hero's abilities submenu | 2 | |
| Right click | 217 | |
| Select / deselect | 173 | |
| Select group hotkey | 5 | |
| Use ability | 30 | |
496 total
» units
| Peasant | 12 | |
| Rifleman | 4 | |
| Flying Machine | 6 | |
22 total
» upgrades
| Gunpowder | 2 | |
| Armor | 1 | |
| Plating | 2 | |
| Flak Cannons | 1 | |
| Flying Machine Bombs | 1 | |
7 total
» buildings
| Barracks | 2 | |
| Altar of Kings | 1 | |
| Farm | 9 | |
| Blacksmith | 2 | |
| Lumber Mill | 2 | |
| Scout Tower | 4 | |
| Keep | 1 | |
| Castle | 1 | |
| Workshop | 3 | |
| Town Hall | 1 | |
26 total
» build order
00:11 Barracks
00:45 Altar of Kings
01:03 Farm
01:39 Farm
02:01 Blacksmith
02:26 Barracks
02:30 Farm
03:10 Lumber Mill
03:23 Farm
04:45 Scout Tower
05:43 Scout Tower
06:16 Keep
06:31 Farm
08:28 Farm
08:51 Castle
09:10 Workshop
09:27 Workshop
09:32 Workshop
10:18 Blacksmith
10:44 Lumber Mill
10:53 Farm
10:58 Farm
12:15 Farm
12:54 Town Hall
13:01 Scout Tower
13:04 Scout Tower
takemylootitk (
purple | 56 APM | 880 actions | 15:46)
3 Archmage
2 Summon Water Elemental
1 Brilliance Aura
» actions
| Assign group hotkey | 20 | |
| Build / train | 62 | |
| Enter build submenu | 34 | |
| Enter hero's abilities submenu | 3 | |
| Give item / drop item | 1 | |
| Right click | 389 | |
| Select / deselect | 250 | |
| Select group hotkey | 71 | |
| Use ability | 50 | |
880 total
» units
| Peasant | 15 | |
| Goblin Shredder | 1 | |
| Siege Engine | 16 | |
32 total
» upgrades
| Gunpowder | 3 | |
| Plating | 3 | |
| Lumber Harvesting | 2 | |
| Masonry | 3 | |
| Barrage | 1 | |
12 total
» buildings
| Farm | 15 | |
| Altar of Kings | 1 | |
| Town Hall | 1 | |
| Scout Tower | 10 | |
| Arcane Tower | 1 | |
| Keep | 1 | |
| Lumber Mill | 1 | |
| Blacksmith | 1 | |
| Arcane Vault | 1 | |
| Guard Tower | 9 | |
| Castle | 1 | |
| Workshop | 4 | |
46 total
» build order
00:07 Farm
00:12 Altar of Kings
00:46 Farm
03:20 Town Hall
03:53 Scout Tower
04:21 Arcane Tower
04:45 Keep
05:00 Lumber Mill
05:04 Blacksmith
05:17 Scout Tower
05:42 Arcane Vault
05:48 Farm
06:21 Guard Tower
06:26 Scout Tower
06:35 Farm
07:07 Guard Tower
07:09 Castle
07:13 Workshop
07:17 Farm
07:41 Workshop
07:45 Workshop
07:56 Workshop
08:21 Farm
08:38 Scout Tower
08:45 Scout Tower
08:52 Scout Tower
09:08 Farm
09:15 Guard Tower
09:17 Scout Tower
09:19 Guard Tower
09:21 Scout Tower
09:25 Guard Tower
09:27 Scout Tower
09:45 Farm
09:51 Guard Tower
09:52 Guard Tower
09:55 Scout Tower
10:00 Guard Tower
10:25 Guard Tower
10:29 Farm
11:11 Farm
11:52 Farm
12:38 Farm
14:23 Farm
14:26 Farm
14:30 Farm
» items
| Boots of Speed | 1 | |
| Staff of Teleportation | 1 | |
2 total
bouki (
teal | 30 APM | 471 actions | 15:42)
3 Blademaster
1 Wind Walk
1 Critical Strike
1 Mirror Image
» actions
| Build / train | 36 | |
| Enter build submenu | 29 | |
| Enter hero's abilities submenu | 3 | |
| Give item / drop item | 2 | |
| Right click | 158 | |
| Select / deselect | 189 | |
| Use ability | 54 | |
471 total
» units
» upgrades
| Spiked Barricades | 2 | |
| Ranged Weapons | 2 | |
| Armor | 2 | |
6 total
» buildings
| War Mill | 1 | |
| Orc Burrow | 5 | |
| Watch Tower | 14 | |
| Altar of Storms | 1 | |
| Stronghold | 1 | |
| Voodoo Lounge | 1 | |
| Beastiary | 4 | |
| Great Hall | 1 | |
28 total
» build order
00:10 War Mill
00:32 Orc Burrow
01:31 Watch Tower
01:52 Watch Tower
02:17 Orc Burrow
02:36 Watch Tower
02:45 Watch Tower
02:56 Altar of Storms
03:16 Watch Tower
03:40 Watch Tower
03:46 Watch Tower
04:02 Watch Tower
04:23 Watch Tower
04:26 Watch Tower
04:32 Watch Tower
04:50 Watch Tower
04:55 Watch Tower
05:27 Watch Tower
05:30 Stronghold
06:33 Voodoo Lounge
06:46 Orc Burrow
06:51 Orc Burrow
08:09 Beastiary
08:15 Beastiary
08:19 Beastiary
08:22 Beastiary
09:17 Great Hall
10:45 Orc Burrow
» items
| Healing Salve | 2 | |
| Boots of Speed | 1 | |
| Potion of Healing | 1 | |
4 total
team 2 (winner)

»
Bashiok (
green | 60 APM | 950 actions | 15:47)
4 Goblin Tinker
2 Pocket Factory
2 Engineering Upgrade
» actions
| Assign group hotkey | 86 | |
| Basic commands | 23 | |
| Build / train | 56 | |
| Enter build submenu | 11 | |
| Enter hero's abilities submenu | 4 | |
| Remove unit from queue | 1 | |
| Right click | 374 | |
| Select / deselect | 138 | |
| Select group hotkey | 228 | |
| Use ability | 29 | |
950 total
» units
| Acolyte | 2 | |
| Ghoul | 6 | |
| Gargoyle | 21 | |
| Goblin Zeppelin | 2 | |
31 total
» upgrades
| Unholy Strength | 0 | |
| Creature Attack | 3 | |
| Creature Carapace | 2 | |
5 total
» buildings
| Ziggurat | 4 | |
| Crypt | 3 | |
| Altar of Darkness | 1 | |
| Nerubian Tower | 1 | |
| Graveyard | 1 | |
| Halls of the Dead | 3 | |
| Tomb of Relics | 1 | |
| Spirit Tower | 2 | |
| Black Citadel | 1 | |
17 total
» build order
00:16 Ziggurat
00:21 Crypt
00:24 Crypt
01:06 Altar of Darkness
01:10 Nerubian Tower
02:28 Graveyard
02:38 Halls of the Dead
02:38 Halls of the Dead
03:07 Ziggurat
03:30 Ziggurat
04:12 Ziggurat
04:47 Tomb of Relics
05:05 Crypt
05:49 Spirit Tower
11:26 Black Citadel
15:37 Spirit Tower
» items
| Potion of Healing | 1 | |
| Rod of Necromancy | 1 | |
| Sacrificial Skull | 1 | |
3 total

»
BlizzRunner (
blue | 51 APM | 801 actions | 15:47)
3 Goblin Tinker
2 Pocket Factory
1 Engineering Upgrade
» actions
| Assign group hotkey | 14 | |
| Basic commands | 25 | |
| Build / train | 42 | |
| Enter build submenu | 19 | |
| Enter hero's abilities submenu | 3 | |
| Remove unit from queue | 2 | |
| Right click | 288 | |
| Select / deselect | 251 | |
| Select group hotkey | 119 | |
| Use ability | 38 | |
801 total
» units
| Acolyte | 2 | |
| Ghoul | 3 | |
| Meatwagon | 3 | |
| Necromancer | 6 | |
| Goblin Zeppelin | 3 | |
| Obsidian Statue | 2 | |
19 total
» upgrades
| Necromancer Training | 2 | |
| Skeletal Longevity | 1 | |
| Unholy Strength | 2 | |
| Unholy Armor | 2 | |
| Exhume Corpses | 1 | |
| Skeletal Mastery | 1 | |
9 total
» buildings
| Crypt | 1 | |
| Graveyard | 1 | |
| Altar of Darkness | 1 | |
| Ziggurat | 6 | |
| Tomb of Relics | 1 | |
| Halls of the Dead | 1 | |
| Slaughterhouse | 3 | |
| Temple of the Damned | 2 | |
| Black Citadel | 1 | |
17 total
» build order
00:23 Crypt
00:37 Graveyard
00:58 Altar of Darkness
01:34 Ziggurat
02:07 Ziggurat
02:10 Ziggurat
02:44 Tomb of Relics
03:33 Halls of the Dead
03:39 Ziggurat
03:40 Ziggurat
05:56 Slaughterhouse
05:58 Temple of the Damned
07:14 Black Citadel
07:16 Ziggurat
09:56 Slaughterhouse
09:57 Slaughterhouse
10:39 Temple of the Damned
» items
| Potion of Healing | 2 | |
| Potion of Mana | 1 | |
| Orb of Corruption | 1 | |
| Boots of Speed | 1 | |
| Staff of Teleportation | 1 | |
6 total

»
Kilgrogg (
pink | 40 APM | 636 actions | 15:47)
4 Crypt Lord
2 Carrion Beetles
2 Spiked Carapace
3 Death Knight
2 Death Coil
1 Unholy Aura
» actions
| Assign group hotkey | 22 | |
| Basic commands | 8 | |
| Build / train | 44 | |
| Enter build submenu | 22 | |
| Enter hero's abilities submenu | 7 | |
| Remove unit from queue | 2 | |
| Right click | 276 | |
| Select / deselect | 193 | |
| Select group hotkey | 38 | |
| Use ability | 24 | |
636 total
» units
| Acolyte | 7 | |
| Ghoul | 3 | |
| Crypt Fiend | 8 | |
| Obsidian Statue | 4 | |
22 total
» upgrades
| Web | 1 | |
| Creature Attack | 2 | |
| Destroyer Form | 1 | |
4 total
» buildings
| Ziggurat | 9 | |
| Altar of Darkness | 1 | |
| Crypt | 1 | |
| Graveyard | 1 | |
| Nerubian Tower | 1 | |
| Spirit Tower | 3 | |
| Tomb of Relics | 1 | |
| Halls of the Dead | 1 | |
| Black Citadel | 1 | |
| Slaughterhouse | 2 | |
21 total
» build order
00:22 Ziggurat
00:29 Altar of Darkness
00:41 Crypt
01:05 Graveyard
01:20 Ziggurat
01:26 Nerubian Tower
02:36 Ziggurat
03:29 Spirit Tower
04:31 Ziggurat
04:39 Ziggurat
04:56 Tomb of Relics
05:28 Spirit Tower
05:31 Spirit Tower
05:39 Halls of the Dead
08:35 Black Citadel
08:41 Slaughterhouse
12:13 Slaughterhouse
14:10 Ziggurat
14:13 Ziggurat
14:15 Ziggurat
14:18 Ziggurat
» items
lolx2 (
red | 77 APM | 1215 actions | 15:47)
5 Archmage
1 Summon Water Elemental
1 Blizzard
3 Brilliance Aura
» actions
| Assign group hotkey | 17 | |
| Basic commands | 33 | |
| Build / train | 54 | |
| ESC pressed | 2 | |
| Enter build submenu | 25 | |
| Enter hero's abilities submenu | 5 | |
| Give item / drop item | 2 | |
| Right click | 442 | |
| Select / deselect | 189 | |
| Select group hotkey | 400 | |
| Use ability | 46 | |
1215 total
» units
| Peasant | 15 | |
| Rifleman | 3 | |
| Mortar Team | 6 | |
| Knight | 6 | |
30 total
» upgrades
| Gunpowder | 3 | |
| Armor | 2 | |
| Long Rifles | 1 | |
| Flare | 1 | |
| Fragmentation Shards | 1 | |
| Lumber Harvesting | 1 | |
| Animal War Training | 1 | |
| Barrage | 1 | |
| Swords | 1 | |
| Plating | 1 | |
13 total
» buildings
| Altar of Kings | 1 | |
| Farm | 11 | |
| Lumber Mill | 1 | |
| Blacksmith | 1 | |
| Barracks | 2 | |
| Arcane Vault | 1 | |
| Keep | 1 | |
| Castle | 1 | |
| Workshop | 2 | |
| Scout Tower | 3 | |
| Town Hall | 1 | |
25 total
» build order
00:09 Altar of Kings
00:28 Farm
00:29 Farm
00:44 Lumber Mill
01:10 Blacksmith
02:05 Barracks
02:10 Farm
02:23 Arcane Vault
03:10 Keep
04:50 Farm
05:01 Barracks
05:06 Farm
05:42 Castle
05:58 Workshop
06:04 Workshop
07:24 Farm
07:37 Scout Tower
08:58 Town Hall
09:00 Scout Tower
09:01 Scout Tower
10:15 Farm
12:12 Farm
13:48 Farm
13:49 Farm
15:16 Farm
» items
| Scroll of Regeneration | 1 | |
| Lesser Clarity Potion | 1 | |
| Scroll of Town Portal | 1 | |
3 total
Chat log
(00:05 / Allies) Bashiok: excellent
(00:13 / Allies) Bashiok: you want to do your fast drop, and I'll back you up with fast AA?
(00:33 / Allies) BlizzRunner: hmm it is tricky to do that with ud
(00:37 / Allies) Bashiok: wagonmancer dude
(00:42 / Allies) BlizzRunner: oh yeah
(00:42 / Allies) Bashiok: you've seen my vid
(00:43 / Allies) BlizzRunner: that way
(00:46 / Allies) BlizzRunner: Ok, sure
(00:51 / Allies) BlizzRunner: I'll give that a go
(01:02 / Allies) Bashiok: 5 necs 1 acolyte 2-3 wagons tinker and a statue with mana regen
(01:30 / Allies) Bashiok: I'll fast tech gargs and back you up
(02:27 / Allies) lolx2: ty
(03:21 / Allies) Bashiok: fuck those creeps
(03:22 / Allies) Bashiok: :/
(03:36 / Allies) Bashiok: defenseless
(03:39 / Allies) Bashiok: nice base to drop
(03:41 / Allies) Bashiok: lol 1 peasant down
(03:49 / Allies) Bashiok: 2
(03:50 / Allies) BlizzRunner: i'll head over there
(04:09 / Allies) Kilgrogg: getting towered
(04:14 / Allies) BlizzRunner: Your own damn fault
(04:17 / Allies) lolx2: LOL
(04:17 / Allies) Bashiok: yeah
(04:30 / Allies) lolx2: wait im getting morts
(04:32 / Allies) Bashiok: lol mflamestrikes it
(04:41 / Allies) BlizzRunner: Honestly, I'm considering offing you myself to save them the experience gain
(04:43 / All) Anunnaki: i like that green
(04:56 / Allies) BlizzRunner: LOL yellows bloodmage dead
(04:56 / All) Anunnaki: im stealing it
(05:08 / Allies) Bashiok: nice
(05:14 / Allies) Bashiok: howd you kill it
(05:18 / Allies) BlizzRunner: clockwork goblins
(05:27 / Allies) Bashiok: lets go get the goblin tower creeped now
(05:55 / Allies) Bashiok: ok fine that one
(06:17 / Allies) Bashiok: pies?
(06:20 / Allies) Bashiok: we need to creep a goblin lab
(06:25 / Allies) BlizzRunner: righto
(06:49 / Allies) Bashiok: remember to rally the clockwerk goblins
(06:51 / All) BlizzRunner: SPECTACULAR SPEC-TAC-U-LAR SPEC-TAC-U-LAR TOWERMAN
(06:52 / Allies) Bashiok: yours are sitting idle
(06:56 / Allies) Bashiok: wake up
(06:58 / Allies) lolx2: wait
(07:28 / Allies) Bashiok: zeppelin time
(08:18 / Allies) Bashiok: buy the zep!
(08:46 / Allies) Bashiok: also bring the wagons over they can help creep
(08:48 / Allies) Bashiok: from the cliff
(09:07 / Allies) BlizzRunner: good call
(09:15 / Allies) Bashiok: yeah I've done drops on here a lot :P
(09:52 / Allies) Bashiok: how close are you
(10:01 / Allies) BlizzRunner: half way
(10:20 / Allies) Bashiok: Im almost ready
(11:10 / Allies) Bashiok: so yeah I find it helps to turn on autocast raise skelly before putting them in the zeps
(11:14 / Allies) lolx2: tanks
(11:21 / Allies) Bashiok: easiest to issue a move order then turn it on, so they dont cast it too soon
(11:38 / Allies) Bashiok: come
(11:40 / Allies) Bashiok: who are we hitting
(11:58 / Allies) lolx2: wyverns
(11:59 / Allies) Bashiok: wyverns
(11:59 / Allies) Bashiok: nice
(12:04 / Allies) Bashiok: gonna go take them out
(12:23 / Allies) BlizzRunner: so i'm dropipng these at teal?
(14:03 / Allies) Bashiok: nice
(14:23 / Allies) Bashiok: focus the wagons onto the tanks
(14:35 / Allies) BlizzRunner: too late they're gone lol
(14:44 / Allies) Bashiok: we better chase them then
(14:47 / Allies) Bashiok: they will kill pinks base
(15:02 / Allies) Bashiok: bring your wagons and necs
(15:04 / Allies) Bashiok: bring everything
(15:15 / Allies) BlizzRunner: wanna repair that pink?
(15:16 / Allies) BlizzRunner: nope?
(15:17 / Allies) BlizzRunner: ok
(15:43 / Allies) Bashiok: well I tried repairing